 Dungeon Crawl Stone Soup version 0.24-a0-120-g429d40e (webtiles) character file.

Game seed: 8556597844723424507

99 KristoblXynda the Chopper (level 4, -1/42 HPs)
             Began as a Naga Fighter on Feb 19, 2019.
             Slain by a gnoll
             ... wielding a +0 whip
              (5 damage)
             ... on level 2 of the Dungeon.
             The game lasted 00:02:09 (1284 turns).

KristoblXynda the Chopper (Naga Fighter)            Turns: 1284, Time: 00:02:10

Health: -1/42      AC:  7    Str: 21 (23) XL:     4   Next: 72%
Magic:  4/4        EV:  5    Int:  8 (9)  God:
Gold:   63         SH:  9    Dex: 11      Spells: 3/3 levels left

rFire    . . .     SeeInvis +   a - +0 war axe
rCold    . . .     Gourm    .   c - +0 shield
rNeg     . . .     Faith    .   b - +0 scale mail
rPois    +         Spirit   .   k - +1 helmet
rElec    .         Reflect  .   (no cloak)
rCorr    .         Harm     .   (no gloves)
MR       .....                  (no barding)
Stlth    ..........             (no amulet)
HPRegen  0.14/turn              (no ring)
MPRegen  0.09/turn              (no ring)

@: mighty, very slow
A: large, see invisible, deformed body, poison resistance, slowness 2, slow
metabolism 1, spit poison 1, AC +1
a: Spit Poison


You were on level 2 of the Dungeon.
You were not hungry.

You visited 1 branch of the dungeon, and saw 2 of its levels.

You collected 63 gold pieces.

Inventory:

Hand Weapons
 a - a +0 war axe (weapon)
Armour
 b - a +0 scale mail (worn)
 c - a +0 shield (worn)
 k - a +1 helmet (worn)
Jewellery
 l - an uncursed amulet of regeneration {unknown}
Scrolls
 e - 2 scrolls of identify
 j - 2 scrolls of remove curse {unknown}
Potions
 g - 2 potions of mutation
Comestibles
 f - 6 rations


   Skills:
 - Level 3.0 Fighting
 * Level 3.6 Axes
 + Level 3.0 Armour
 + Level 3.0 Shields


You had 3 spell levels left.
You didn't know any spells.
Your spell library was empty.

Dungeon Overview and Level Annotations

Branches:
Dungeon (2/15)

Altars:


Innate Abilities, Weirdness & Mutations

You cannot wear boots.
Your serpentine skin is tough. (AC +1)
You have supernaturally acute eyesight. (SInv)
Armour fits poorly on your strangely shaped body.
Your system is resistant to poisons. (rPois)
You cover ground very slowly.
You have a slow metabolism.
You can spit poison.


Message History

You kill the gnoll!
You block the goblin's attack. You block the gnoll's attack.
Robin hits you but does no damage.
Unknown command.
You slash the goblin!
You kill the goblin!
You slash the gnoll!
You kill the gnoll!
You feel your dexterity returning.
Your Armour skill increases to level 3!
Your Shields skill increases to level 3!
You hit Robin. You block Robin's attack.
You slash Robin!
You kill Robin!
You feel your strength returning.
Drop what? 9/52 slots (_ for help) (? for menu, Esc to quit)
Okay, then.
You closely miss the gnoll. You block the gnoll's attack.
The gnoll hits you with a +0 whip.
You die...

.. #.##...... .
.. .#........ ..
.##.........
.#...........
##########
..........
.........#
#......#
########.#
#..>.[># #.#
#..?g).# #.#
#!.)@).# #.#
###)####
########.# #.#
.........# #.#
########## #.#
#.# #.#
###############.#
.......)........#


You could see a gnoll.

Vanquished Creatures
  Robin (D:2)
  3 gnolls
  A worm (D:2)
  5 dart slugs (D:1)
  A leopard gecko (D:1)
  5 bats
  2 giant cockroaches (D:1)
  11 goblins
  5 hobgoblins
  A quokka (D:2)
  A ball python (D:1)
  A frilled lizard (D:2)
  3 kobolds
  7 rats
47 creatures vanquished.

Notes
Turn   | Place    | Note
-------+----------+-------------------------------------------
     0 | D:1      | KristoblXynda the Naga Fighter began the quest for the Orb.
     0 | D:1      | Reached XP level 1. HP: 21/21 MP: 1/1
   180 | D:1      | Reached XP level 2. HP: 26/28 MP: 2/2
   346 | D:1      | Reached XP level 3. HP: 26/34 MP: 3/3
  1263 | D:2      | Noticed Robin
  1273 | D:2      | Reached XP level 4. HP: 29/42 MP: 4/4
  1281 | D:2      | Killed Robin
  1284 | D:2      | Slain by a gnoll

Levels and vault maps discovered:
D:1:      evilmike_arrival_home_sweet_home, layout_basic, wad_floor_pattern_2,
          minmay_misc_feat_five
D:2:      minmay_angry_zag, layout_basic, first_ration,
          minmay_misc_feat_secret_circle, uniq_robin

Skill      XL: |  1  2  3  4 |
---------------+-------------+-----
Axes           | 3 |  3.6
Armour         | 3 |  3.0
Shields        | 3 |  3.0
Fighting       | |  3.0

Action                   |  1- 3 |  4- 6 || total
-------------------------+-------+-------++-------
Melee: War axe           |    87 |     6 ||    93
  Use: Scroll            |     1 |       ||     1
       Potion            |       |     3 ||     3
  Eat: Chunk             |     1 |       ||     1
Armor: Scale mail        |    59 |     4 ||    63
Dodge: Dodged            |    28 |     1 ||    29
Block: Shield            |    66 |    11 ||    77

Table legend:
 A = Non-vault XP
 B = Vault XP
 C = Vault XP percentage of total XP
 D = Non-vault monster count
 E = Vault monster count
 F = Vault count percentage of total count
                 A         B        C        D         E       F
            +---------+---------+-------+---------+---------+-------
      Total |     102 |      40 |  28.2 |      33 |      14 |  29.8
            +---------+---------+-------+---------+---------+-------
        D:1 |      61 |       0 |   0.0 |      24 |       0 |   0.0
        D:2 |      41 |      40 |  49.4 |       9 |      14 |  60.9
            +---------+---------+-------+---------+---------+-------
